 Dungeon Crawl Stone Soup version 0.30-a0-613-gdd512c7efb (webtiles) character file.

Game seed: 6230998984558602276

3908 wormed the Basher (level 10, 0/53 HPs)
             Began as a Vine Stalker Fighter on Jan 9, 2023.
             Was an Initiate of Elyvilon.
             Slain by an eight-headed hydra (1 damage)
             ... on level 8 of the Dungeon.
             The game lasted 00:11:55 (7707 turns).

wormed the Basher (Vine Stalker Fighter)            Turns: 7707, Time: 00:11:56

Health: 0/53       AC: 14    Str: 23    XL:     10   Next: 20%
Magic:  0/11       EV: 11    Int:  8    God:    Elyvilon [......]
Gold:   398        SH:  5    Dex: 14    Spells: 9/9 levels left

rFire   . . .      SeeInvis .    h - +3 mace (freeze)
rCold   . . .      Faith    .    c - +0 buckler
rNeg    . . .      Spirit   +    m - +0 scale mail
rPois   .          Reflect  .    (no helmet)
rElec   .          Harm     .    x - +1 cloak
rCorr   .          Rampage  .    G - +0 pair of gloves
Will    +++..                    (no boots) Stlth
                                 (no amulet)
HPRegen 1.08/turn                D - +4 ring of protection
MPRegen 0.12/turn                u - ring "Lethrom" {Fly Will++}

@: flying
A: fangs 3, regeneration 1, magic shield, antimagic bite, no potion heal 2
a: Renounce Religion


You were on level 8 of the Dungeon.
You worshipped Elyvilon.
Elyvilon was noncommittal.
You visited 2 branches of the dungeon, and saw 9 of its levels.
You also visited: Sewer.

You collected 398 gold pieces.

Inventory:

Hand Weapons
 a - a +1 flail
 h - a +3 mace of freezing (weapon)
Missiles
 l - 8 poisoned darts (quivered)
Armour
 c - a +0 buckler (worn)
 m - a +0 scale mail (worn)
 x - a +1 cloak (worn)
 G - a +0 pair of gloves (worn)
Jewellery
 r - a ring of willpower
 u - the ring "Lethrom" (right hand) {Fly Will++}
   (You found it on level 4 of the Dungeon)

   [ring of flight]

   Fly:       It grants you flight.
   Will:      It greatly increases your willpower.
 v - a ring of see invisible
 y - a ring of ice
 D - a +4 ring of protection (left hand)
Wands
 b - a wand of digging (12)
 f - a wand of polymorph (6)
Scrolls
 n - 2 scrolls of magic mapping
 o - a scroll of amnesia
 q - 3 scrolls of teleportation
 s - a scroll of enchant armour
 E - 2 scrolls of identify
 F - a scroll of silence {unknown}
Potions
 d - 5 potions of might
 e - 2 potions of heal wounds {unknown}
 g - 7 potions of curing
 i - 2 potions of attraction
 j - 7 potions of lignification
 k - a potion of flight
 w - 2 potions of cancellation {unknown}
 z - a potion of resistance
 A - a potion of magic
 B - a potion of berserk rage {unknown}
 C - a potion of degeneration {unknown}


   Skills:
 + Level 5.9 Fighting
 * Level 8.0 Maces & Flails
 + Level 5.4 Armour
 + Level 4.7 Dodging
 + Level 5.9 Shields


You had 9 spell levels left.
You didn't know any spells.
Your spell library contained the following spells:

 Spells                   Type           Power      Damage    Failure   Level
 Manifold Assault         Tloc           0%         N/A       100%        4
 Dispersal                Tloc           0%         N/A       100%        6
 Disjunction              Tloc           0%         N/A       100%        8


Dungeon Overview and Level Annotations

Branches:
Dungeon (8/15)             Temple (1/1) D:7            Lair (0/5) D:8
  Sewer (visited)

Altars:
Ashenzari
Cheibriados
Dithmenos
Elyvilon
Fedhas
Gozag
Hepliaklqana
Kikubaaqudgha
Makhleb
Nemelex Xobeh
Okawaru
Qazlal
Ru
Sif Muna
Trog
Uskayaw
Vehumet
Wu Jian
Xom
Yredelemnul
Zin
The Shining One

Shops:
D:1 [


Innate Abilities, Weirdness & Mutations

You have razor-sharp teeth.
Your natural rate of healing is unusually fast.
When hurt, damage is shared between your health and your magic reserves.
Your bite disrupts and absorbs the magic of your enemies.
Potions cannot restore your health.


Message History

The eight-headed hydra roars!
There is a stone staircase leading up here.
Throw: 9 darts (poison)
Press: ? - help, Q - select action, (/) - cycle Shift-Dir - straight line, f - eight-headed hydra
Aim: an eight-headed hydra (79% to hit)
You throw a poisoned dart.
The poisoned dart barely misses the eight-headed hydra.
You hit the eight-headed hydra. You freeze the eight-headed hydra.
You bite the eight-headed hydra! You drain its power.
The eight-headed hydra is moderately wounded.
The eight-headed hydra closely misses you.
The eight-headed hydra bites you! x3; The eight-headed hydra misses you.
The eight-headed hydra bites you!
The eight-headed hydra bites you but does no damage.
You block the eight-headed hydra's attack.
You sock the eight-headed hydra! You freeze the eight-headed hydra.
Your bite misses the eight-headed hydra.
The eight-headed hydra is moderately wounded.
The eight-headed hydra bites you!
* * * LOW HITPOINT WARNING * * *
The eight-headed hydra bites you.
* * * LOW HITPOINT WARNING * * *
The eight-headed hydra closely misses you.
The eight-headed hydra bites you.
* * * LOW HITPOINT WARNING * * *
The eight-headed hydra bites you but does no damage.
The eight-headed hydra closely misses you.
You block the eight-headed hydra's attack.
The eight-headed hydra bites you but does no damage.
You sock the eight-headed hydra! You freeze the eight-headed hydra.
You bite the eight-headed hydra. You drain its power.
You feel invigorated.
The eight-headed hydra is heavily wounded.
The eight-headed hydra barely misses you.
The eight-headed hydra bites you but does no damage. x2
The eight-headed hydra closely misses you.
The eight-headed hydra barely misses you.
The eight-headed hydra bites you!
* * * LOW HITPOINT WARNING * * *
The eight-headed hydra bites you.
You die...

..._...##..#####....#
._..._.#...# ###....# ##
..._...#...###.....######...
._..._.#.##........##.......
..._...#...........[........
.⌠...⌠.#................####
.......#>...#.....<.)...##
##...###....#....).......#
######.........@D....(#....
##.##........>.##..#(...
#..###..................
#...............#.......
#.......#.......###....
####....#........# ....
#....#...#...... ...
###..##..........
######.....#...


You could see an eight-headed hydra.

Vanquished Creatures
  Sigmund (D:5)
  5 yaks (D:5)
  A wyvern (D:4)
  2 steam dragons (D:7)
  Menkaure (D:4)
  A water moccasin (D:7)
  2 orc warriors
  2 black bears
  A sky beast (D:8)
  2 ogres
  2 centaurs
  2 phantoms
  3 kobold brigands
  Blork the orc (D:6)
  2 bullfrogs
  A gnoll sergeant (D:8)
  4 scorpions
  2 wights (D:8)
  A vampire bat (D:5)
  2 orc priests
  Crazy Yiuf (D:4)
  3 hounds
  3 jellies
  Ijyb (D:4)
  3 orc wizards
  3 gnolls
  9 adders
  2 river rats (Sewer)
  2 shadow imps (D:6)
  A white imp (D:8)
  5 worms
  3 dart slugs
  21 orcs
  4 endoplasms
  A giant cockroach (D:3)
  4 goblins
  11 hobgoblins
  6 quokkas
  7 ball pythons
  15 bats
  5 frilled lizards
  15 kobolds
  6 rats
169 creatures vanquished.

Notes
Turn   | Place    | Note
-------+----------+-------------------------------------------
     0 | D:1      | wormed the Vine Stalker Fighter began the quest for the
                  | Orb.
     0 | D:1      | Reached XP level 1. HP: 11/11 MP: 2/2
    82 | D:1      | Reached skill level 2 in Maces & Flails
    95 | D:1      | Reached XP level 2. HP: 11/16 MP: 1/3
   310 | D:1      | Found Aschaeko's Antique Armour Boutique.
   475 | D:1      | You fall into a shaft and drop 1 floor!
   716 | D:1      | Reached XP level 3. HP: 12/19 MP: 2/4
  1921 | D:3      | Reached skill level 1 in Dodging
  1976 | D:3      | Gained mutation: Your natural rate of healing is unusually
                  | fast. [Vine Stalker growth]
  1976 | D:3      | Reached XP level 4. HP: 24/24 MP: 5/5
  2578 | D:4      | Noticed a scorpion
  2579 | D:4      | Reached skill level 3 in Maces & Flails
  2582 | D:4      | Killed a scorpion
  2583 | D:4      | Reached XP level 5. HP: 9/28 MP: 4/6
  2848 | D:4      | Noticed a wyvern
  2851 | D:4      | Killed a wyvern
  2852 | D:4      | Reached XP level 6. HP: 26/32 MP: 4/7
  3152 | D:4      | Identified the ring "Lethrom" {Fly Will++}
  3252 | D:4      | Reached skill level 4 in Maces & Flails
  3282 | D:4      | Noticed Menkaure
  3289 | D:4      | Killed Menkaure
  3290 | D:4      | Reached XP level 7. HP: 6/37 MP: 1/8
  3495 | D:4      | Found a runed translucent door.
  3496 | D:4      | Noticed Crazy Yiuf
  3650 | D:5      | Entered Level 5 of the Dungeon
  3771 | D:5      | Noticed Sigmund
  3774 | D:5      | Killed Sigmund
  3797 | D:5      | Noticed a yak
  3797 | D:5      | Noticed a yak
  3828 | D:5      | Killed a yak
  3829 | D:5      | Reached skill level 5 in Maces & Flails
  3829 | D:5      | Gained mutation: You have razor-sharp teeth. [Vine Stalker
                  | growth]
  3829 | D:5      | Reached XP level 8. HP: 42/42 MP: 9/9
  3972 | D:5      | Noticed a yak
  3988 | D:5      | Noticed a yak
  3988 | D:5      | Noticed a yak
  3989 | D:5      | Killed a yak
  4025 | D:5      | Noticed Ijyb
  4044 | D:4      | Killed Ijyb
  4193 | D:4      | Killed Crazy Yiuf
  4245 | D:5      | Found a glowing drain.
  4255 | Sewer    | Entered a sewer
  4592 | Sewer    | Reached skill level 6 in Maces & Flails
  4886 | D:5      | Killed a yak
  4887 | D:5      | Reached XP level 9. HP: 38/46 MP: 7/10
  4888 | D:5      | Reached skill level 5 in Fighting
  4888 | D:5      | Reached skill level 5 in Shields
  5393 | D:6      | Reached skill level 7 in Maces & Flails
  5559 | D:6      | Found a hide-covered altar of Uskayaw.
  5602 | D:6      | Noticed Blork the orc
  5616 | D:6      | Killed Blork the orc
  5617 | D:6      | Reached skill level 5 in Armour
  5763 | D:7      | Found a staircase to the Ecumenical Temple.
  6702 | D:7      | Reached XP level 10. HP: 46/50 MP: 9/11
  6920 | Temple   | Entered the Ecumenical Temple
  6920 | Temple   | Found a transporter.
  6920 | Temple   | Found a transporter.
  6922 | Temple   | Found a transporter.
  6922 | Temple   | Found a transporter.
  7186 | D:8      | Found a staircase to the Lair.
  7218 | D:8      | Found a snail-covered altar of Cheibriados.
  7218 | D:8      | Found a glowing silver altar of Zin.
  7227 | D:8      | Found a white marble altar of Elyvilon.
  7227 | D:8      | Found a basalt altar of Yredelemnul.
  7228 | D:8      | Found a bloodstained altar of Trog.
  7228 | D:8      | Found a burning altar of Makhleb.
  7229 | D:8      | Found a shimmering blue altar of Sif Muna.
  7230 | D:8      | Found a hazy altar of Hepliaklqana.
  7230 | D:8      | Found a glowing golden altar of the Shining One.
  7231 | D:8      | Found an iron altar of Okawaru.
  7428 | D:8      | Became a worshipper of Elyvilon the Healer
  7527 | D:8      | Noticed an eight-headed hydra
  7632 | D:7      | Reached skill level 8 in Maces & Flails
  7707 | D:8      | HP: 1/53 [eight-headed hydra (7)]
  7707 | D:8      | Slain by an eight-headed hydra

Illustrated notes

Levels and vault maps discovered:
D:1:      erik_arrival_cave_to_civilisation [erik_arrival_cave_to_hall],
          layout_basic, serial_shops, nicolae_shop_overgrown_old_shop
D:2:      layout_loops_ring
D:3:      layout_basic
D:4:      layout_loops_corners, uniq_menkaure, uniq_crazy_yiuf_cottage
D:5:      layout_basic, portal_sewer_entry_d, serial_curves, eino_curves_02,
          eino_curves_04, roderic_batcave, uniq_sigmund, uniq_ijyb
D:6:      layout_cave_pools, kennysheep_mini_moat, supply_closet_lemuel,
          uniq_blork_the_orc
D:7:      layout_layer_cave, minmay_temple_entry_stoned_glass
D:8:      minmay_ornate_pinched, layout_cave_pools, nicolae_overflows_in_rows
Temple:   hellmonk_temple_divided_pantheon

Skill      XL: |  1  2  3  4  5  6  7  8  9 10 |
---------------+-------------------------------+-----
Maces & Flails | 2 3 4 5 6 7 8 |  8.0
Fighting       | 3 4 5 |  5.9
Dodging        | 1 2 3 4 |  4.7
Shields        | 3 4 5 |  5.9
Armour         | 3 4 5 |  5.4

Action                   |  1- 3 |  4- 6 |  7- 9 | 10-12 || total
-------------------------+-------+-------+-------+-------++-------
Melee: Flail             |   117 |    70 |   282 |    44 ||   513
       Bite              |    21 |    17 |    74 |    24 ||   136
       Mace              |       |       |       |    30 ||    30
Throw: Dart              |       |       |    28 |     4 ||    32
Evoke: Wand              |       |     8 |     5 |       ||    13
  Use: Scroll            |     9 |     2 |     6 |     1 ||    18
       Potion            |       |       |     1 |       ||     1
Armor: Scale mail        |    53 |    30 |   101 |    48 ||   232
Dodge: Dodged            |    55 |    26 |   154 |    44 ||   279
Block: Buckler           |    34 |    15 |    91 |    30 ||   170

Table legend: (Time is in decaauts)
 A = Elapsed time spent in this place.
 B = Non-inter-level travel time spent in this place.
 C = Inter-level travel time spent in this place.
 D = Time resting spent in this place.
 E = Time spent auto-exploring this place.
 F = Levels seen in this place.
 G = Mean time per level.
                   A        B        C        D        E       F      G
               +--------+--------+--------+--------+--------+-----+--------+
         Total |   7896 |   7309 |    587 |      0 |   5638 |  10 |  789.6 |
       Dungeon |   7352 |   6765 |    587 |      0 |   5361 |   8 |  919.0 |
        Temple |     43 |     43 |      0 |      0 |      6 |   1 |   43.0 |
         Sewer |    499 |    499 |      0 |      0 |    271 |   1 |  499.0 |
               +--------+--------+--------+--------+--------+-----+--------+

Top non-repeatable levels by time:
     D:7: 1598 daAuts
     D:4: 1451 daAuts
     D:1: 1009 daAuts
     D:2: 865 daAuts
     D:5: 814 daAuts
     D:3: 686 daAuts
     D:6: 576 daAuts
   Sewer: 499 daAuts
     D:8: 351 daAuts
  Temple: 43 daAuts
